[ AOE2 MATCH · #505585144 ]
UnrankedSicilians vs Persians
Player's team · WIN
Rival team · LOSS
[ REPLAY ANALYSIS · EXTRACTED FROM THE RECORDED GAME ]
Feudal
10:35
Castle
—
Imperial
—
| APM avg | 70.8 |
| APM peak | 109 |
| eAPM avg | 18.2 |
| Villagers / military | 26 / 22 |
Focus
⚔️ 46.6% · 🌾 53.4%
Archer ×22
Feudal
21:11
Castle
—
Imperial
—
| APM avg | 43.3 |
| APM peak | 75 |
| eAPM avg | 19.6 |
| Villagers / military | 76 / 32 |
Focus
⚔️ 31.2% · 🌾 68.8%
Archer ×32
Match map
Initial resources + every placement click. Lines = walls · curves = elevation contours. ◆ gold · ⬟ stone · ● berries · ✦ relic · ◌ wall gap
Your base· Open — unwalled flank
Failey's base· Open — unwalled flank
Smoothed initial terrain · ◌ = detected wall gap · hover for details
Inputs per minute
— UL_King_Kerotaros - - Failey
Build order — UL_King_Kerotaros
89 actions detected in the replay
| 0:01 | Create | Villager (Male) |
| 0:02 | Build | House |
| 0:04 | Build | House |
| 0:12 | Create | Villager (Male) |
| 0:12 | Create | Villager (Male) |
| 0:27 | Create | Villager (Male) |
| 0:27 | Create | Villager (Male) |
| 1:43 | Create | Villager (Male) |
| 1:44 | Create | Villager (Male) |
| 1:44 | Create | Villager (Male) |
| 2:08 | Create | Villager (Male) |
| 2:16 | Create | Villager (Male) |
| 2:16 | Create | Villager (Male) |
| 2:28 | Build | Lumber Camp |
| 2:38 | Create | Villager (Male) |
| 2:51 | Research | Loom |
| 3:18 | Create | Villager (Male) |
| 3:22 | Create | Villager (Male) |
| 3:35 | Create | Villager (Male) |
| 3:58 | Create | Villager (Male) |
| 3:58 | Create | Villager (Male) |
| 4:24 | Create | Villager (Male) |
| 4:39 | Create | Villager (Male) |
| 4:56 | Create | Villager (Male) |
| 5:09 | Build | House |
| 5:52 | Build | House |
| 6:16 | Build | Palisade Wall |
| 6:17 | Build | Palisade Wall |
| 6:21 | Build | Palisade Wall |
| 6:24 | Build | Palisade Wall |
| 6:28 | Build | Palisade Wall |
| 6:29 | Build | Palisade Wall |
| 6:44 | Create | Villager (Male) |
| 7:07 | Create | Villager (Male) |
| 7:26 | Build | Mining Camp |
| 7:27 | Create | Villager (Male) |
| 8:18 | Build | Palisade Wall |
| 8:25 | Research | Feudal Age |
| 8:25 | Research | Feudal Age |
| 9:15 | Build | Mining Camp |
| 9:36 | Build | Barracks |
| 10:35 | Age | Feudal Age |
| 11:04 | Create | Villager (Male) |
| 11:12 | Build | Lumber Camp |
| 12:52 | Build | Archery Range |
| 13:00 | Build | House |
| 13:00 | Build | House |
| 13:28 | Create | Archer |
| 13:29 | Create | Archer |
| 13:54 | Build | Mining Camp |
| 14:16 | Build | House |
| 14:41 | Build | House |
| 14:46 | Create | Archer |
| 15:31 | Build | House |
| 15:34 | Create | Archer |
| 16:21 | Create | Archer |
| 16:21 | Create | Archer |
| 18:29 | Build | Palisade Wall |
| 18:30 | Build | Palisade Wall |
| 18:31 | Build | Palisade Wall |
| 18:35 | Build | Palisade Wall |
| 18:42 | Build | Palisade Wall |
| 18:52 | Build | Palisade Wall |
| 19:07 | Build | Palisade Wall |
| 19:29 | Create | Archer |
| 19:29 | Create | Archer |
| 20:00 | Create | Archer |
| 20:19 | Build | Blacksmith |
| 20:24 | Create | Archer |
| 20:33 | Build | Palisade Wall |
| 20:34 | Build | Palisade Wall |
| 20:42 | Build | Palisade Wall |
| 21:12 | Research | Fletching |
| 21:58 | Create | Archer |
| 21:58 | Create | Archer |
| 22:27 | Build | Town Center |
| 23:17 | Create | Archer |
| 23:17 | Create | Archer |
| 24:01 | Create | Archer |
| 24:01 | Create | Archer |
| 24:01 | Create | Villager (Male) |
| 24:29 | Create | Villager (Male) |
| 24:53 | Create | Archer |
| 24:53 | Create | Archer |
| 24:58 | Build | Donjon |
| 27:15 | Create | Archer |
| 27:15 | Create | Archer |
| 27:54 | Create | Archer |
| 27:54 | Create | Archer |
Build order — Failey
143 actions detected in the replay
| 0:00 | Create | Villager (Male) |
| 0:01 | Create | Villager (Male) |
| 0:01 | Create | Villager (Male) |
| 0:01 | Create | Villager (Male) |
| 0:02 | Build | House |
| 0:04 | Build | House |
| 0:04 | Create | Villager (Male) |
| 0:32 | Research | Loom |
| 0:32 | Create | Villager (Male) |
| 0:36 | Create | Villager (Male) |
| 0:50 | Create | Villager (Male) |
| 0:50 | Create | Villager (Male) |
| 1:36 | Create | Villager (Male) |
| 1:36 | Create | Villager (Male) |
| 2:35 | Create | Villager (Male) |
| 2:35 | Create | Villager (Male) |
| 3:03 | Create | Villager (Male) |
| 3:09 | Create | Villager (Male) |
| 3:10 | Create | Villager (Male) |
| 3:17 | Build | Palisade Wall |
| 3:21 | Build | Palisade Wall |
| 3:21 | Build | Palisade Wall |
| 3:23 | Build | Palisade Wall |
| 4:01 | Create | Villager (Male) |
| 4:01 | Create | Villager (Male) |
| 4:10 | Build | House |
| 4:55 | Build | House |
| 5:01 | Create | Villager (Male) |
| 5:01 | Create | Villager (Male) |
| 5:11 | Build | Palisade Wall |
| 5:15 | Build | Palisade Wall |
| 5:16 | Build | Palisade Wall |
| 5:17 | Build | Palisade Wall |
| 5:51 | Create | Villager (Male) |
| 5:51 | Create | Villager (Male) |
| 5:51 | Create | Villager (Male) |
| 6:05 | Create | Villager (Male) |
| 6:06 | Create | Villager (Male) |
| 6:24 | Create | Villager (Male) |
| 6:28 | Build | Palisade Wall |
| 6:31 | Build | Palisade Wall |
| 7:56 | Build | Mill |
| 8:16 | Build | Town Center |
| 8:19 | Build | Town Center |
| 9:04 | Create | Villager (Male) |
| 9:04 | Create | Villager (Male) |
| 9:14 | Create | Villager (Male) |
| 9:14 | Create | Villager (Male) |
| 9:39 | Create | Villager (Male) |
| 9:39 | Create | Villager (Male) |
| 9:59 | Create | Villager (Male) |
| 9:59 | Create | Villager (Male) |
| 10:06 | Build | House |
| 10:20 | Create | Villager (Male) |
| 10:20 | Create | Villager (Male) |
| 10:44 | Create | Villager (Male) |
| 10:45 | Create | Villager (Male) |
| 11:09 | Create | Villager (Male) |
| 11:09 | Create | Villager (Male) |
| 11:28 | Create | Villager (Male) |
| 11:51 | Create | Villager (Male) |
| 11:51 | Create | Villager (Male) |
| 12:07 | Create | Villager (Male) |
| 12:07 | Create | Villager (Male) |
| 12:34 | Create | Villager (Male) |
| 12:35 | Create | Villager (Male) |
| 12:43 | Create | Villager (Male) |
| 12:43 | Create | Villager (Male) |
| 13:16 | Create | Villager (Male) |
| 13:32 | Build | Lumber Camp |
| 13:38 | Create | Villager (Male) |
| 13:38 | Create | Villager (Male) |
| 13:53 | Build | House |
| 14:00 | Create | Villager (Male) |
| 14:00 | Create | Villager (Male) |
| 14:25 | Create | Villager (Male) |
| 14:54 | Create | Villager (Male) |
| 15:03 | Create | Villager (Male) |
| 15:18 | Create | Villager (Male) |
| 15:39 | Create | Villager (Male) |
| 15:48 | Create | Villager (Male) |
| 15:48 | Create | Villager (Male) |
| 16:13 | Create | Villager (Male) |
| 16:22 | Create | Villager (Male) |
| 16:22 | Create | Villager (Male) |
| 16:43 | Build | Mill |
| 16:45 | Create | Villager (Male) |
| 16:49 | Create | Villager (Male) |
| 17:07 | Create | Villager (Male) |
| 17:10 | Create | Villager (Male) |
| 17:29 | Build | House |
| 18:11 | Build | Barracks |
| 18:41 | Create | Villager (Male) |
| 19:07 | Research | Feudal Age |
| 19:45 | Create | Villager (Male) |
| 20:06 | Build | Lumber Camp |
| 20:18 | Create | Villager (Male) |
| 21:08 | Build | Mining Camp |
| 21:09 | Create | Villager (Male) |
| 21:11 | Age | Feudal Age |
| 21:12 | Build | Archery Range |
| 21:19 | Create | Villager (Male) |
| 21:32 | Create | Villager (Male) |
| 22:05 | Create | Archer |
| 22:06 | Create | Archer |
| 22:09 | Build | Blacksmith |
| 22:16 | Build | House |
| 22:28 | Create | Archer |
| 22:51 | Create | Archer |
| 22:56 | Build | Mill |
| 23:00 | Build | Archery Range |
| 23:17 | Research | Fletching |
| 23:18 | Create | Archer |
| 23:37 | Create | Archer |
| 23:48 | Create | Archer |
| 23:48 | Create | Archer |
| 24:10 | Create | Archer |
| 24:11 | Create | Archer |
| 24:12 | Create | Archer |
| 24:12 | Create | Archer |
| 24:37 | Create | Archer |
| 24:54 | Create | Archer |
| 24:55 | Create | Archer |
| 25:17 | Create | Archer |
| 25:17 | Create | Archer |
| 25:23 | Create | Villager (Male) |
| 25:23 | Create | Villager (Male) |
| 25:37 | Create | Archer |
| 25:38 | Create | Archer |
| 25:50 | Create | Archer |
| 26:04 | Create | Archer |
| 26:28 | Build | Market |
| 26:32 | Create | Archer |
| 27:03 | Create | Archer |
| 27:04 | Create | Archer |
| 27:31 | Create | Archer |
| 27:45 | Create | Archer |
| 28:27 | Create | Archer |
| 28:28 | Create | Archer |
| 28:28 | Create | Archer |
| 28:28 | Create | Archer |
| 28:28 | Create | Archer |
| 28:29 | Create | Archer |
Match timeline
| 3:17 | Failey · wall_segment Palisade Wall x1 |
| 3:21 | Failey · wall_segment Palisade Wall x1 |
| 3:21 | Failey · wall_segment Palisade Wall x1 |
| 3:23 | Failey · wall_segment Palisade Wall x1 |
| 5:11 | Failey · wall_segment Palisade Wall x1 |
| 5:15 | Failey · wall_segment Palisade Wall x1 |
| 5:16 | Failey · wall_segment Palisade Wall x1 |
| 5:17 | Failey · wall_segment Palisade Wall x1 |
| 6:16 | UL_King_Kerotaros · wall_segment Palisade Wall x1 |
| 6:17 | UL_King_Kerotaros · wall_segment Palisade Wall x2 |
| 6:21 | UL_King_Kerotaros · wall_segment Palisade Wall x2 |
| 6:24 | UL_King_Kerotaros · wall_segment Palisade Wall x2 |
| 6:28 | UL_King_Kerotaros · wall_segment Palisade Wall x2 |
| 6:28 | Failey · wall_segment Palisade Wall x1 |
| 6:29 | UL_King_Kerotaros · wall_segment Palisade Wall x3 |
| 6:31 | Failey · wall_segment Palisade Wall x1 |
| 8:18 | UL_King_Kerotaros · wall_segment Palisade Wall x1 |
| 9:36 | UL_King_Kerotaros · first_building Barracks |
| 10:35 | UL_King_Kerotaros · age_up feudal |
| 12:52 | UL_King_Kerotaros · first_building Archery Range |
| 18:11 | Failey · first_building Barracks |
| 18:29 | UL_King_Kerotaros · wall_segment Palisade Wall x1 |
| 18:30 | UL_King_Kerotaros · wall_segment Palisade Wall x1 |
| 18:31 | UL_King_Kerotaros · wall_segment Palisade Wall x1 |
| 18:35 | UL_King_Kerotaros · wall_segment Palisade Wall x1 |
| 18:42 | UL_King_Kerotaros · wall_segment Palisade Wall x1 |
| 18:52 | UL_King_Kerotaros · wall_segment Palisade Wall x1 |
| 19:07 | UL_King_Kerotaros · wall_segment Palisade Wall x1 |
| 20:33 | UL_King_Kerotaros · wall_segment Palisade Wall x2 |
| 20:34 | UL_King_Kerotaros · wall_segment Palisade Wall x1 |
| 20:42 | UL_King_Kerotaros · wall_segment Palisade Wall x1 |
| 21:11 | Failey · age_up feudal |
| 21:12 | Failey · first_building Archery Range |
| 24:58 | UL_King_Kerotaros · first_building Donjon |
| 28:24 | Failey · first_market_sell 100 wood |
| 28:39 | Failey · resign |
[ AI ANALYSIS · 1 CREDIT ]
What really happened in this match?
Wolo.gg analyzes every decision: build order, eco, micro, common mistakes by bracket. Personalized analysis on WhatsApp or Discord in 30 seconds.
Civ guide
Sicilians
Perfil
UL_King_Kerotaros